 Dungeon Crawl Stone Soup version 0.17-a0-1882-g750edc8 (webtiles) character file.

49 mcbry74 the Skirmisher (level 3, -1/33 HPs)
             Began as a Draconian Berserker on Sept 22, 2015.
             Was a Follower of Trog.
             Slain by an adder (3 damage)
             ... on level 2 of the Dungeon.
             The game lasted 00:07:18 (823 turns).

mcbry74 the Skirmisher (Draconian Berserker)         Turns: 823, Time: 00:07:19

Health: -1/33      AC:  5    Str: 20    XL:     3   Next: 53%
Magic:  3/3        EV: 12    Int:  7    God:    Trog [*.....]
Gold:   77         SH:  0    Dex: 10    Spells: 0 memorised, 2 levels left

rFire  . . .     SeeInvis .     a - +0 spear
rCold  . . .     Clarity  .     (armour unavailable)
rNeg   . . .     SustAt   .     (no shield)
rPois  .         Gourm    .     (helmet restricted)
rElec  .         Spirit   .     (no cloak)
rCorr  .         Warding  .     (no gloves)
rMut   .         Stasis   .     (no boots)
MR     ++...                    e - amulet of inaccuracy (curse)
Stlth  +.........               (no ring)
                                (no ring)

@: lethally poisoned (-1 -> -2), exhausted, regenerating, very resistant to
hostile enchantments, very unstealthy
A: unfitting armour, cold-blooded, AC +5
a: Burn Spellbooks, Berserk, Renounce Religion


You were on level 2 of the Dungeon.
You worshipped Trog.
Trog was aware of your devotion.
You were very hungry.

You visited 1 branch of the dungeon, and saw 2 of its levels.

You collected 77 gold pieces.

Inventory:

Hand weapons
 a - a +0 spear (weapon)
Jewellery
 e - a cursed amulet of inaccuracy (around neck)
 q - an uncursed amulet of regeneration {unknown}
Magical devices
 o - a wand of random effects (32)
Potions
 c - a potion of heal wounds {unknown}
 g - a potion of haste {unknown}
 j - a potion of brilliance {unknown}
 k - a potion of flight {unknown}
 m - a potion of agility {unknown}
Comestibles
 b - a bread ration
 f - a slice of pizza
 h - 5 chunks of flesh
 i - a meat ration


   Skills:
 + Level 3.8 Fighting
 + Level 3.4 Polearms
 + Level 3.3 Dodging
 + Level 0.4 Stealth


You had 2 spell levels left.
You didn't know any spells.

Dungeon Overview and Level Annotations

Branches:
Dungeon (2/15)

Altars:
Ashenzari
Gozag


Innate Abilities, Weirdness & Mutations

Your plain brown scales are hard (AC +5).
Your body does not fit into most forms of armour.
You are cold-blooded and may be slowed by cold attacks.


Message History

* * * LOW HITPOINT WARNING * * *
You feel sick. The adder bites you.
* * * LOW HITPOINT WARNING * * *
You are more poisoned.
The adder poisons you!
Use which ability?
Your skin crawls.
You feel resistant to hostile enchantments.
You feel slightly more hungry.
You can no longer call upon Trog for regeneration and protection from hostile enchantments.
You feel sick. The adder bites you but does no damage.
You closely miss the adder.
You are feeling very hungry.
* * * LOW HITPOINT WARNING * * *
You feel sick. The adder bites you but does no damage.
The adder bites you but does no damage.
You hit the adder but do no damage.
You feel sick. The adder misses you.
You closely miss the adder.
You feel sick. The adder closely misses you.
You closely miss the adder.
You feel sick. The adder bites you.
You die...

..# ####.(.)...#.###
..####......_........
.......##.......###########
..#### ##.....####........
...# ##...##.##......_.
...# ##.###.##........
##'## ##.# #)##........
#...## ###..###.S†..[..=..
⌠...⌠####.....†[@##........
......#...######.######.###
>.⌠÷<.##### ...# # ......#
.....# ⌠.<.⌠## .......#
#...## ........# #####
.........# ##.......##


You could see an adder.

Vanquished Creatures
  Terence (D:2)
  3 bats
  3 giant cockroaches
  2 goblins (D:1)
  6 hobgoblins
  2 jackals (D:1)
  2 kobolds (D:1)
  4 rats
23 creatures vanquished.

Notes
Turn   | Place    | Note
--------------------------------------------------------------
     0 | D:1      | mcbry74 the Draconian Berserker began the quest for the Orb.
     0 | D:1      | Reached XP level 1. HP: 19/19 MP: 1/1
   216 | D:1      | Reached XP level 2. HP: 26/26 MP: 2/2
   693 | D:2      | Acquired Trog's second power
   749 | D:2      | Found an opulent altar of Gozag.
   776 | D:2      | Noticed Terence
   791 | D:2      | Killed Terence
   791 | D:2      | Reached XP level 3. HP: 33/33 MP: 3/3
   805 | D:2      | Found a shattered altar of Ashenzari.
   820 | D:2      | HP: 1/33 [poisoned by an adder]
   823 | D:2      | Slain by an adder

Vault maps used:
D:1:      ncdulo_watergridlock, minivault_24, minmay_misc_feat_four_crosses
D:2:      lemuel_round_altar, overflow_temple_1_default, grunt_ministairs_7,
          makhleb_altar_promises_db, uniq_terence

Action                   || total
-------------------------++-------
Melee: Spear             ||    79
Invok: Berserk           ||     3
       Trog's Hand       ||     1
  Use: Scroll            ||     3
 Stab: Sleeping          ||     1
  Eat: Chunk             ||     2
